 Dungeon Crawl Stone Soup version 0.27-a0-1358-ga0a28fc (webtiles) character file.

Game seed: 9618517829662507329

793 PublicAnimeNo1 the Conjurer (level 7, -4/60 HPs)
             Began as a Deep Elf Conjurer on June 28, 2021.
             Was an Initiate of Vehumet.
             Slain by Duvessa (11 damage)
             ... on level 5 of the Dungeon.
             The game lasted 00:08:51 (4875 turns).

PublicAnimeNo1 the Conjurer (Deep Elf Conjurer)     Turns: 4875, Time: 00:08:52

Health: -4/60      AC: 23    Str:  5    XL:     7   Next: 57%
Magic:  0/17       EV:  2    Int: 24    God:    Vehumet [......]
Gold:   171        SH:  0    Dex: 13    Spells: 10/17 levels left

rFire    . . .     SeeInvis .   m - +0 rapier
rCold    . . .     Faith    .   (no shield)
rNeg     + + +     Spirit   .   (armour currently unavailable)
rPois    +         Reflect  .   (helmet currently unavailable)
rElec    .         Harm     .   (cloak currently unavailable)
rCorr    .         Rampage  .   (gloves currently unavailable)
Will     .....     NoTele   +   (boots currently unavailable)
Stlth    +++.......             (no amulet)
HPRegen  0.20/turn              (no ring)
MPRegen  0.15/turn              (no ring)

@: tree-form
A: stationary, stasis, torment immunity, boosted hp
a: Renounce Religion


You were on level 5 of the Dungeon.
You worshipped Vehumet.
Vehumet was noncommittal.
You were a tree.
You visited 2 branches of the dungeon, and saw 6 of its levels.

You collected 171 gold pieces.

Inventory:

Hand Weapons
 m - a +0 rapier (weapon)
Armour
 a - a +1 robe (melded)
Jewellery
 k - a +4 ring of protection
 l - a ring of resist corrosion
Wands
 g - a wand of polymorph (8)
 j - a wand of flame (10)
Scrolls
 d - a scroll of fear
 e - a scroll of identify
 o - a scroll of enchant armour
Potions
 c - 3 potions of cancellation
 f - a potion of might
 h - 2 potions of heal wounds
 i - 3 potions of curing
 n - a potion of mutation
 r - 2 potions of haste


   Skills:
 - Level 2.2 Fighting
 + Level 2.8 Dodging
 + Level 4.9 Stealth
 + Level 5.6 Spellcasting
 * Level 7.3 Conjurations
 + Level 3.3 Hexes


You had 10 spell levels left.
You knew the following spells:

 Your Spells              Type           Power      Damage    Failure   Level
a - Magic Dart            Conj           100%       1d8       1%          1
b - Searing Ray           Conj           82%        3d6       1%          2
c - Fulminant Prism       Conj/Hex       16%        3d11      9%          4

Your spell library contained the following spells:

 Spells                   Type           Power      Damage    Failure   Level
 Dazzling Flash           Conj/Hex       64%        N/A       2%          3
 Animate Skeleton         Necr           12%        N/A       9%          1
 Freeze                   Ice            24%        1d5       9%          1
 Pain                     Necr           24%        1d5       9%          1
 Hailstorm                Conj/Ice       24%        3d7       19%         4
 Iskenderun's Mystic Bla  Conj/Tloc      24%        2d7       19%         4
 Frozen Ramparts          Ice            12%        1d3       26%         3
 Ozocubu's Armour         Ice            6%         N/A       26%         3
 Vampiric Draining        Necr           3%         2d6       26%         3
 Animate Dead             Necr           3%         N/A       63%         4
 Metabolic Englaciation   Hex/Ice        7%         N/A       75%         5
 Agony                    Necr           6%         N/A       93%         5


Dungeon Overview and Level Annotations

Branches:
Dungeon (5/15)             Temple (1/1) D:4

Altars:
Ashenzari
Dithmenos
Elyvilon
Fedhas
Hepliaklqana
Makhleb
Nemelex Xobeh
Okawaru
Qazlal
Vehumet
Xom
Yredelemnul

Annotations:
D:5 exclusion: oklob plant, Duvessa


Message History

Okay, then.
Really quaff the potion of lignification?
You turn into a tree.
Your +1 robe melds into your body.
Your roots penetrate the ground.
Duvessa hits you with a +0 rapier.
* * * LOW HITPOINT WARNING * * *
Casting: Searing Ray (safe; 1% risk of failure)
Confirm with . or Enter, or press ? or * to list all spells.
Aiming: Searing Ray (safe; 1% risk of failure)
Press: ? - help, Shift-Dir - straight line, f/p - Duvessa
Aim: Duvessa, wielding a +0 rapier, wearing a +0 leather armour and carrying a wand of flame (9) (severely wounded, berserk, 84% to hit)
The searing ray misses Duvessa.
The searing ray hits the centaur zombie!
The centaur zombie is almost destroyed. (Press . to maintain the ray.) Duvessa hits you with a +0 rapier.
* * * LOW HITPOINT WARNING * * *
Duvessa hits you but does no damage.
The searing ray hits Duvessa.
Duvessa is severely wounded.
The searing ray hits the centaur zombie!
You destroy the centaur zombie!
Vehumet accepts your kill. Duvessa hits you but does no damage.
The searing ray hits Duvessa!
Duvessa is almost dead.
Duvessa hits you but does no damage. Duvessa hits you with a +0 rapier.
* * * LOW HITPOINT WARNING * * *
Aiming: Throw Flame
Press: ? - help, Shift-Dir - straight line, f/p - Duvessa
Aim: Duvessa, wielding a +0 rapier, wearing a +0 leather armour and carrying a wand of flame (9) (almost dead, berserk, 72% to hit)
The puff of flame hits Duvessa.
Duvessa is almost dead.
Duvessa hits you but does no damage.
Aiming: Throw Flame
Press: ? - help, Shift-Dir - straight line, f/p - Duvessa
Aim: Duvessa, wielding a +0 rapier, wearing a +0 leather armour and carrying a wand of flame (9) (almost dead, berserk, 72% to hit)
The puff of flame hits Duvessa but does no damage.
Duvessa is almost dead.
Duvessa hits you but does no damage. Duvessa hits you with a +0 rapier!
You die...

.###..# #.# ..##..# #.#
#.##..# #.#############
#.##..# ###..............
#.##..# #........#######.
#.##..# #......?.#
#..#..# #........# ###.P
#..#..###........##....P.
#..#............♣e)......
#...#.###........##....).
#.#.#.<##........# ..P..
#.#....##........# ...=
#.##...########### ##.
.....>.........°.
######.#..####○ #.##.#
######.##.#


You could see Duvessa (berserk).

Vanquished Creatures
  A black bear (D:5)
  A necrophage (D:5)
  2 phantoms
  A scorpion (D:5)
  Dowan (D:5)
  A water moccasin skeleton (D:5)
  A centaur zombie (D:5)
  A hound (D:4)
  A jelly (D:4)
  An orc priest (D:4)
  A centaur skeleton (D:5)
  A statue (D:5)
  3 gnolls (D:4)
  4 adders
  An adder skeleton (D:4)
  2 dart slugs
  8 orcs
  4 ball pythons
  3 bats (D:2)
  7 endoplasms
  4 giant cockroaches
  6 hobgoblins
  6 jackals (D:2)
  A quokka (D:1)
  4 goblins
  5 kobolds
  6 rats
77 creatures vanquished.

Vanquished Creatures (others)
  A sky beast (D:5)
  8 fungi
  13 plants
22 creatures vanquished.

Grand Total: 99 creatures vanquished

Notes
Turn   | Place    | Note
-------+----------+-------------------------------------------
     0 | D:1      | PublicAnimeNo1 the Deep Elf Conjurer began the quest for
                  | the Orb.
     0 | D:1      | Reached XP level 1. HP: 10/10 MP: 6/6
   837 | D:1      | Reached XP level 2. HP: 15/15 MP: 5/8
   840 | D:1      | Learned a level 2 spell: Searing Ray
  1186 | D:2      | Reached skill level 5 in Conjurations
  1379 | D:2      | Found a faded altar of an unknown god.
  1547 | D:2      | Reached XP level 3. HP: 18/19 MP: 5/10
  2763 | D:4      | Reached XP level 4. HP: 24/24 MP: 4/12
  2927 | D:4      | Reached skill level 1 in Fighting
  3070 | D:4      | Learned a level 4 spell: Fulminant Prism
  3171 | D:4      | Reached XP level 5. HP: 29/29 MP: 5/13
  3272 | D:4      | Found a staircase to the Ecumenical Temple.
  3288 | Temple   | Entered the Ecumenical Temple
  3434 | D:4      | Reached skill level 6 in Conjurations
  3434 | D:4      | Reached skill level 1 in Hexes
  3526 | D:4      | Noticed a phantom
  3532 | D:4      | Killed a phantom
  3533 | D:4      | Reached XP level 6. HP: 34/34 MP: 5/15
  3980 | D:4      | Identified the +11 tower shield of Kleptomania {*Slow rF-
                  | Dex+8 Stlth+}
  4040 | D:5      | Entered Level 5 of the Dungeon
  4045 | D:5      | Found a blossoming altar of Fedhas.
  4064 | D:5      | Noticed an oklob plant
  4214 | D:5      | Reached skill level 5 in Spellcasting
  4332 | D:5      | Noticed Dowan
  4344 | D:5      | Reached XP level 7. HP: 28/40 MP: 9/16
  4493 | D:5      | Reached skill level 7 in Conjurations
  4558 | D:5      | Found a radiant altar of Vehumet.
  4653 | D:5      | Became a worshipper of Vehumet
  4855 | D:5      | Noticed Duvessa
  4862 | D:5      | Killed Dowan
  4875 | D:5      | Slain by Duvessa

Illustrated notes

Levels and vault maps discovered:
D:1:      minmay_arrival_three_doors, layout_basic
D:2:      layout_rooms, shapermc_ecumenical_altar_mp_urbaneastern, serial_glass,
          glass_columns_c, glass_columns_c, minmay_misc_feat_cross,
          minmay_misc_feat_alley, dk_noncrumbling_4
D:3:      layout_rooms, minmay_misc_feat_nine_boxes, eino_tiny_chamber,
          kennysheep_generic_room_4
D:4:      layout_cave_pools, minmay_temple_entry_large_hall,
          corexii_corridor_pit, lemuel_old_faithful
D:5:      layout_basic, tgw_fedhas, vehumet_statue, kiku_gazebo_garden_becter,
          grunt_ministairs_13, lemuel_flamethrower_2, uniq_duvessa
Temple:   eino_wide_crystal_templ

Skill      XL: |  1  2  3  4  5  6  7 |
---------------+----------------------+-----
Conjurations   | 5 6 7 |  7.3
Spellcasting   | 4 5 |  5.6
Fighting       | 1 2 |  2.2
Stealth        | 3 4 |  4.9
Hexes          | 1 2 3 |  3.3
Dodging        | |  2.8

Action                   |  1- 3 |  4- 6 |  7- 9 || total
-------------------------+-------+-------+-------++-------
Melee: Rapier            |    10 |       |     1 ||    11
 Cast: Magic Dart        |    75 |    34 |     6 ||   115
       Searing Ray       |     2 |    11 |     8 ||    21
Evoke: Wand              |       |       |     2 ||     2
  Use: Scroll            |       |    14 |       ||    14
       Potion            |       |       |     1 ||     1
 Stab: Sleeping          |     1 |       |       ||     1
Armor: Robe              |     7 |     1 |     1 ||     9
       Skin              |       |       |     5 ||     5
Dodge: Dodged            |    10 |     1 |    11 ||    22

Table legend: (Time is in decaauts)
 A = Elapsed time spent in this place.
 B = Non-inter-level travel time spent in this place.
 C = Inter-level travel time spent in this place.
 D = Time resting spent in this place.
 E = Time spent auto-exploring this place.
 F = Levels seen in this place.
 G = Mean time per level.
                   A        B        C        D        E       F      G
               +--------+--------+--------+--------+--------+-----+--------+
         Total |   4881 |   4735 |    146 |   1086 |   3191 |   6 |  813.5 |
       Dungeon |   4822 |   4688 |    134 |   1086 |   3149 |   5 |  964.4 |
        Temple |     59 |     47 |     12 |      0 |     42 |   1 |   59.0 |
               +--------+--------+--------+--------+--------+-----+--------+

Top non-repeatable levels by time:
     D:4: 1144 daAuts
     D:1: 1003 daAuts
     D:2: 986 daAuts
     D:3: 882 daAuts
     D:5: 805 daAuts
  Temple: 59 daAuts
